 Dungeon Crawl Stone Soup version 0.31-a0-743-g45f7035092 (webtiles) character file.

Game seed: 2303397336505782872

6584 Dittersdorf the Protected (level 11, -5/72 HPs)
             Began as a Gargoyle Fighter on Sept 12, 2023.
             Was an Initiate of Gozag.
             Killed from afar by a hell hound (9 damage)
             ... with a blast of flame
             ... on level 1 of the Abyss.
             The game lasted 00:19:53 (8096 turns).

Dittersdorf the Protected (Gargoyle Fighter)        Turns: 8096, Time: 00:19:54

Health: -5/72      AC: 30    Str: 24    XL:     11   Next: 1%
Magic:  0/11       EV:  9    Int:  9    God:    Gozag
Gold:   901        SH: 10    Dex:  9    Spells: 10/10 levels left

rFire   . . .        z - +3 flail
rCold   + + .        E - +0 kite shield {AC+3}
rNeg    + . .        B - +0 ice dragon scales
rPois   ∞            k - +0 helmet
rElec   +            g - +0 cloak
rCorr   .            C - +1 Delatra's gloves {ID++}
SInv    .            m - +0 pair of boots
Will    .....        t - amulet of guardian spirit Stlth
                     v - ring of protection from fire
HPRegen 0.32/turn    (no ring)
MPRegen 0.12/turn

%: guardian spirit
@: gold aura
A: sickness immunity, AC +8, negative energy resistance 1, electricity
resistance, torment resistance 1, petrification resistance
a: Renounce Religion, Potion Petition, Call Merchant, Bribe Branch


You were on level 1 of the Abyss.
You worshipped Gozag.
Gozag was pleased with you.
You visited 2 branches of the dungeon, and saw 10 of its levels.
You visited the Abyss 1 time.
You also visited: Sewer.

You collected 1141 gold pieces.
You spent 125 gold pieces at shops.
You paid 115 gold pieces to Gozag.

Inventory:

Hand Weapons
 z - a +3 flail (weapon)
Missiles
 l - 12 throwing nets
 G - 4 curare-tipped darts (quivered)
Armour
 g - a +0 cloak (worn)
 h - a +0 chain mail
 k - a +0 helmet (worn)
 m - a +0 pair of boots (worn)
 B - +0 ice dragon scales (worn)
 C - the +1 Delatra's gloves (worn) {ID++}
   (You found it on level 7 of the Dungeon)

   ID++:      It heals its wearer when they drink unknown potions, and restores
   their MP when they read unknown scrolls.
 E - a +0 kite shield of protection (worn)
Jewellery
 t - an amulet of guardian spirit (around neck)
 v - a ring of protection from fire (left hand)
 x - a ring of ice
Wands
 e - a wand of paralysis (12)
 w - a wand of flame (43)
Scrolls
 b - a scroll of revelation
 n - 2 scrolls of teleportation
 s - 6 scrolls of enchant weapon
 D - a scroll of poison
Potions
 a - 2 potions of cancellation
 d - a potion of might
 f - 3 potions of resistance
 i - a potion of magic
 j - 3 potions of curing
 o - 2 potions of mutation {unknown}
 p - 2 potions of ambrosia {unknown}
 q - a potion of haste
 r - 2 potions of heal wounds
 u - a potion of invisibility
 A - a potion of enlightenment


   Skills:
 + Level 9.6 Fighting
 + Level 8.5 Maces & Flails
 + Level 9.6 Armour
 + Level 9.6 Shields


You had 10 spell levels left.
You didn't know any spells.
Your spell library contained the following spells:

 Spells                   Type           Power      Damage    Failure   Level
 Poisonous Vapours        Pois/Air       0%         N/A       95%         2
 Dazzling Flash           Conj/Hex       0%         N/A       99%         3
 Inner Flame              Hex/Fire       0%         N/A       99%         3
 Mephitic Cloud           Conj/Pois/Air  0%         N/A       99%         3
 Volatile Blastmotes      Fire/Tloc      0%         2d10      99%         3
 Flame Wave               Conj/Fire      0%         2d4       100%        4
 Sticky Flame             Conj/Fire      0%         2d3       100%        4
 Freezing Cloud           Conj/Ice/Air   0%         6-21      100%        5
 Starburst                Conj/Fire      0%         6d3       100%        6
 Maxwell's Capacitive Co  Air            0%         ∞         100%        8


Dungeon Overview and Level Annotations

Branches:
Dungeon (9/15)             Temple (1/1) D:4           Sewer (visited)
   Lair: D:8-11         Orc: D:9-12

Altars:
Ashenzari
Cheibriados
Dithmenos
Elyvilon
Fedhas
Gozag
Hepliaklqana
Kikubaaqudgha
Makhleb
Nemelex Xobeh
Okawaru
Ru
Sif Muna
Trog
Uskayaw
Wu Jian
Xom
Yredelemnul
Zin
The Shining One

Shops:
D:2 !*:?*   D:5 [   D:7 :

Annotations:
D:4 exclusion: oklob sapling
D:9 Psyche


Innate Abilities, Weirdness & Mutations

You are immune to sickness and miasma.
Your stone body is resilient. (AC +8)
You are immune to poison.
You resist negative energy. (rN+)
You are resistant to electric shocks. (rElec)
You are resistant to unholy torment.
You are immune to petrification.


Message History

The hell hound bites you but does no damage.
You thump the hell hound!
The hell hound is heavily wounded.
The hell hound bites you!
* * * LOW HITPOINT WARNING * * *
The hell hound breathes flames at you.
The blast of flame hits the hell hound.
The hell hound completely resists.
The blast of flame hits you but does no damage.
You hit the hell hound.
The hell hound is severely wounded.
The hell hound bites you but does no damage.
The hell hound breathes flames at you.
The blast of flame hits the hell hound.
The hell hound completely resists.
The blast of flame hits you!
* * * LOW HITPOINT WARNING * * *
You block the hell hound's attack.
You hit the hell hound.
The hell hound is almost dead.
You block the hell hound's attack.
The hell hound is distracted by your dazzling golden aura.
You sock the hell hound!
You kill the hell hound!
You thump the hell hound!
The hell hound is moderately wounded.
The hell hound bites you.
* * * LOW HITPOINT WARNING * * *
The hell hound breathes flames at you.
The blast of flame hits you but does no damage.
You miss the hell hound.
The hell hound is moderately wounded.
The hell hound is no longer distracted by gold.
The hell hound bites you but does no damage.
You closely miss the hell hound.
The hell hound is moderately wounded.
The hell hound bites you but does no damage.
The hell hound breathes flames at you.
The blast of flame hits the hell hound.
The hell hound completely resists.
The blast of flame hits you!
You die...
Your body crumbles into a pile of gold.

## #. ###
#..##### ...
...#.
........#.
##. ....
...... ... #
. ...... ...
#.# #.# . #@#
...####h#
.......h#
.§≈≈....#
...≈........#
..........
....
.......##
##.. ##.....
#. . 8 ..


You could see 2 hell hounds.

Vanquished Creatures
  A kobold demonologist (D:9)
  A wyvern (D:8)
  3 yaks (D:8)
  Duvessa (D:5)
  2 hell hounds (Abyss:1)
  A water moccasin (D:8)
  A sky beast (D:8)
  An orc warrior (D:8)
  2 ice beasts
  3 black bears
  An ogre (D:4)
  3 centaurs
  2 phantoms
  14 kobold brigands
  5 bullfrogs
  3 gnoll sergeants
  4 scorpions
  5 wights (D:7)
  Dowan (D:5)
  12 killer bees
  A howler monkey (D:6)
  2 electric eels (D:7)
  3 orc priests
  3 gnoll boudas
  8 hounds
  5 jellies
  3 iguanas
  Natasha (thrice) (D:4)
  9 orc wizards
  37 gnolls
  13 adders
  4 river rats
  2 white imps
  3 worms
  2 dart slugs
  27 orcs
  13 ball pythons
  7 bats
  11 endoplasms
  12 giant cockroaches
  18 goblins
  5 hobgoblins
  17 jackals
  17 kobolds
  5 quokkas
  6 frilled lizards
  18 rats
320 creatures vanquished.

Vanquished Creatures (others)
  A jackal (D:7)
1 creature vanquished.

Grand Total: 321 creatures vanquished

Notes
Turn   | Place    | Note
-------+----------+-------------------------------------------
     0 | D:1      | Dittersdorf the Gargoyle Fighter began the quest for the
                  | Orb.
     0 | D:1      | Reached XP level 1. HP: 14/14 MP: 1/1
   137 | D:1      | Reached XP level 2. HP: 18/19 MP: 2/2
   259 | D:1      | Reached XP level 3. HP: 23/23 MP: 3/3
   582 | D:2      | Found Fiwon's Assorted Antiques.
   729 | D:2      | Found Beotres's Assorted Antiques.
   815 | D:2      | Found Orphoan's Book Boutique.
   886 | D:2      | Found Akih's Magic Scroll Emporium.
   933 | D:2      | Reached XP level 4. HP: 29/29 MP: 4/4
  1023 | D:2      | Found Jyiw's Distillery.
  1026 | D:2      | Bought a potion of heal wounds for 50 gold pieces
  1196 | D:2      | Bought a scroll of enchant weapon for 75 gold pieces
  1406 | D:3      | Found a shimmering blue altar of Sif Muna.
  2009 | D:4      | Reached XP level 5. HP: 33/33 MP: 5/5
  2321 | D:4      | Noticed Natasha
  2331 | D:4      | Killed Natasha
  2376 | D:4      | Found a staircase to the Ecumenical Temple.
  2389 | Temple   | Entered the Ecumenical Temple
  2406 | D:4      | Noticed Natasha
  2412 | D:4      | Killed Natasha
  2541 | D:4      | Found an ornate altar of the Wu Jian Council.
  2591 | D:4      | Reached XP level 6. HP: 33/39 MP: 3/6
  2617 | D:4      | Noticed Natasha
  2634 | D:4      | Killed Natasha
  3023 | D:4      | Found a glowing golden altar of the Shining One.
  3026 | D:4      | Found an ancient bone altar of Kikubaaqudgha.
  3029 | D:4      | Found a sparkling altar of Nemelex Xobeh.
  3032 | D:4      | Found a shadowy altar of Dithmenos.
  3081 | D:5      | Entered Level 5 of the Dungeon
  3128 | D:5      | Reached skill level 5 in Fighting
  3128 | D:5      | Reached skill level 5 in Armour
  3128 | D:5      | Reached skill level 5 in Shields
  3147 | D:5      | Reached XP level 7. HP: 33/44 MP: 5/7
  3263 | D:5      | Found Zyuv's Antique Armour Shop.
  3345 | D:5      | Reached XP level 8. HP: 7/51 MP: 1/8
  3347 | D:5      | HP: 2/51 [gnoll/+0 halberd[a gnoll bouda] (6)]
  3412 | D:5      | Noticed Duvessa
  3413 | D:5      | Noticed Dowan
  3414 | D:5      | Found a hide-covered altar of Uskayaw.
  3432 | D:5      | Killed Duvessa
  3455 | D:5      | Reached skill level 5 in Maces & Flails
  3524 | D:5      | Found a glowing drain.
  3528 | Sewer    | Entered a sewer
  3772 | Sewer    | Found a viscous altar of Jiyva.
  3926 | D:5      | Killed Dowan
  4303 | D:7      | Reached XP level 9. HP: 14/56 MP: 4/9
  4890 | D:6      | Identified the +1 whip "Killer Klown's Death" {protect,
                  | *Corrode rN+ Dex+6 Stlth+}
  5066 | D:7      | Found Koariop's Book Shop.
  5338 | D:7      | Found the +1 Delatra's gloves {ID++}
  5355 | D:7      | Found a bloodstained altar of Trog.
  5549 | D:7      | Found an opulent altar of Gozag.
  5606 | D:7      | Became a worshipper of Gozag Ym Sagoz the Greedy
  6051 | D:7      | Reached XP level 10. HP: 64/64 MP: 10/10
  6639 | D:8      | Found an iron altar of Okawaru.
  7012 | D:8      | Found a hazy altar of Hepliaklqana.
  7741 | D:9      | Noticed a kobold demonologist
  7743 | D:9      | Noticed a smoke demon
  7754 | D:9      | Killed a kobold demonologist
  7934 | D:9      | Found a basalt altar of Yredelemnul.
  7992 | D:9      | Noticed Psyche
  8026 | Abyss:1  | Cast into level 1 of the Abyss (Psyche)
  8085 | Abyss:1  | Reached XP level 11. HP: 69/71 MP: 9/11
  8096 | Abyss:1  | Killed from afar by a hell hound

Illustrated notes

Levels and vault maps discovered:
D:1:      scummos_arrival_gate, layout_rooms, glass_columns_c, minmay_vboxes
D:2:      layout_basic, serial_shops, nicolae_shop_gibbet_a_chance,
          nicolae_shop_advertising_works [nicolae_subvault_shop_adworks], shop,
          nicolae_shop_window_shopping, nicolae_shop_statue_plus
D:3:      layout_basic, led_sif_book
D:4:      layout_basic, mainiacjoe_overflow_alcove_1,
          grunt_temple_overflow_cloverleaf, minmay_temple_entry_oklob,
          minivault_11, minmay_ogre_servants, uniq_natasha
D:5:      layout_cave_pools, lemuel_tele_altar, serial_shops,
          nicolae_shop_crystal, enter_ossuary_1, gup_sewer_entry_spiral,
          minmay_joined_circles, uniq_duvessa
D:6:      layout_cave_pools
D:7:      layout_cave_pools, mainiacjoe_overflow_cross_hatched,
          lemuel_coloured_pillars_altar, serial_gnoll_camp,
          gnoll_camp_mini_loothouse, gnoll_camp_huts_moat, gnoll_camp_mini_shop,
          gnoll_camp_mini_hut
D:8:      layout_loops_ring, mainiacjoe_overflow_24_doors, lemuel_crystal_altar
D:9:      layout_basic, mainiacjoe_overflow_catwalk, special_room
          [special_room_kobold], uniq_psyche
Temple:   hellmonk_temple_forest_ring
Abyss:1:  base: D:2, hangedman_decor_points, minivault_1

Skill      XL: |  1  2  3  4  5  6  7  8  9 10 |
---------------+-------------------------------+-----
Fighting       | 4 5 6 8 9 |  9.6
Armour         | 4 5 6 8 9 |  9.6
Shields        | 4 5 6 8 9 |  9.6
Maces & Flails | 3 4 5 7 8 |  8.5

Action                     |  1- 3 |  4- 6 |  7- 9 | 10-12 || total
---------------------------+-------+-------+-------+-------++-------
  Melee: Whip              |   110 |   118 |       |       ||   228
         Flail             |     7 |       |    45 |   411 ||   463
         Mace              |       |   110 |   483 |       ||   593
  Throw: Dart              |       |       |     3 |       ||     3
    Use: Scroll            |       |     8 |     7 |     5 ||    20
         Potion            |       |       |     2 |       ||     2
   Stab: Distracted        |       |       |     1 |     1 ||     2
 Armour: Scale mail        |    83 |   165 |   127 |       ||   375
         Chain mail        |       |       |   247 |       ||   247
         Ice dragon scales |       |       |   218 |   351 ||   569
  Dodge: Dodged            |    53 |   100 |   326 |   167 ||   646
  Block: Buckler           |    23 |    44 |   193 |    14 ||   274
         Kite shield       |       |       |       |   207 ||   207

Table legend: (Time is in decaauts)
 A = Elapsed time spent in this place.
 B = Non-inter-level travel time spent in this place.
 C = Inter-level travel time spent in this place.
 D = Time resting spent in this place.
 E = Time spent auto-exploring this place.
 F = Levels seen in this place.
 G = Mean time per level.
                   A        B        C        D        E       F      G
               +--------+--------+--------+--------+--------+-----+--------+
         Total |   8282 |   7956 |    326 |    608 |   4254 |  12 |  690.2 |
       Dungeon |   7869 |   7543 |    326 |    588 |   4069 |   9 |  874.3 |
        Temple |      3 |      3 |      0 |      0 |      0 |   1 |    3.0 |
         Abyss |     54 |     54 |      0 |     20 |      0 |   1 |   54.0 |
         Sewer |    354 |    354 |      0 |      0 |    184 |   1 |  354.0 |
               +--------+--------+--------+--------+--------+-----+--------+

Top non-repeatable levels by time:
     D:7: 1788 daAuts
     D:4: 1056 daAuts
     D:8: 925 daAuts
     D:5: 893 daAuts
     D:3: 800 daAuts
     D:1: 631 daAuts
     D:2: 614 daAuts
     D:6: 596 daAuts
     D:9: 563 daAuts
   Sewer: 354 daAuts
 Abyss:1: 54 daAuts
  Temple: 3 daAuts
